Map: Templo óseo EE

Players

JOSELLO - Winner!

  • Race: Terran Terran
  • League: Gold
  • Spawn Location: 1:00

Mario - Winner!

  • Race: Terran Terran
  • League: Gold
  • Spawn Location: 12:00

Kikex - Winner!

  • Race: Protoss Protoss
  • Spawn Location: 3:00

MrFercho

  • Race: Terran Terran
  • League: Silver
  • Spawn Location: 6:00

tigro

  • Race: Terran Terran
  • League: Bronze
  • Spawn Location: 7:00

TATORREA

  • Race: Protoss Protoss
  • League: Silver
  • Spawn Location: 7:00

VOD

Have the link to the VOD?

Description

Time

  • Played on: May 20, 2020, 8:43 p.m.
  • Length: 17:22
Show
View Real Time Build Order
Export as new Build Order

JOSELLO Terran - Winner!

Build Orders:  

Get SALT Encoding   

  12  0:01  SCV  
  13  0:13  SCV  
  14  0:25  SCV  
  14  0:26  Supply Depot  
  15  0:32  Refinery  
  15  0:47  SCV  
  16  0:50  Barracks  
  16  0:59  SCV  
  17  1:07  Refinery  
  17  1:11  SCV  
  17  1:12  Supply Depot  
  18  1:24  SCV  
  19  1:36  SCV, Barracks  
  20  1:48  SCV  
  20  1:50  Barracks  
  20  1:53  Marine  
  22  2:00  SCV  
  23  2:11  Marine  
  24  2:23  SCV  
  24  2:27  Barracks  
  24  2:29  Marine  
  26  2:30  Barracks Tech Lab  
  26  2:38  Barracks Reactor  
  26  2:47  Marine  
  26  2:49  Engineering Bay  
  26  2:50  Combat Shield  
  27  2:52  Marine  
  28  3:04  Orbital Command  
  28  3:06  Marine  
  29  3:14  Marine  
  29  3:16  Barracks Reactor  
  29  3:17  Marine  
  31  3:29  Supply Depot  
  31  3:44  Terran Infantry Weapons Level 1  
  31  3:50  Marine x4  
  31  3:54  Marine  
  31  3:55  Missile Turret  
  36  3:57  Marine  
  37  4:08  Marine  
  38  4:14  Stimpack  
  38  4:36  Barracks Reactor  
  38  4:37  Supply Depot  
  38  4:58  Marine x5  
  43  5:03  Supply Depot  
  43  5:34  Factory  
  43  5:39  Terran Infantry Armor Level 1  
  43  6:07  Marine  
  43  6:08  Marine x4  
  43  6:09  Marine x2  
  35  6:25  Marine x2  
  35  6:26  Marine x4  
  35  6:28  Factory Tech Lab  
  35  6:31  Starport  
  41  6:53  Command Center  
  41  7:05  Marine x2  
  41  7:06  Marine  
  35  7:26  Starport Reactor  
  35  7:28  Siege Tank  
  38  7:44  Marine x4  
  38  7:45  Marine x3  
  45  7:53  Sensor Tower  
  45  8:02  Marine x3  
  48  8:17  Marine x2  
  48  8:18  Marine x2  
  52  8:20  Marine x3  
  55  8:28  SCV, Missile Turret  
  56  8:40  SCV  
  55  8:44  Medivac  
  55  8:45  Medivac  
  59  8:49  Sensor Tower  
  59  8:52  SCV  
  60  8:59  Armory  
  60  9:04  SCV  
  61  9:16  SCV  
  62  9:24  Siege Tank  
  62  9:28  SCV  
  66  9:40  Sensor Tower  
  64  10:26  Marine  
  64  10:27  Marine x5  
  70  10:39  Marine  
  70  10:40  Medivac  
  70  10:41  Medivac  
  66  10:44  Marine x2  
  66  10:45  Marine x4  
  55  10:57  Marine  
  55  11:02  Marine x3  
  55  11:03  Marine x3  
  62  11:10  Medivac  
  62  11:11  Medivac  
  66  11:15  Marine  
  67  11:20  Marine x3  
  67  11:25  Barracks  
  70  11:28  Supply Depot  
  70  11:34  Marine x2  
  70  11:35  Marine  
  67  11:51  Supply Depot  
  67  12:02  Marine x3  
  70  12:11  Terran Infantry Weapons Level 2  
  70  12:13  Supply Depot  
  70  12:14  Barracks Reactor  
  70  12:22  Engineering Bay, Marine x5  
  73  12:23  Marine x2  
  77  12:40  Marine x3  
  50  13:49  Marine x2  
  50  13:50  Marine x7  
  59  14:02  Terran Infantry Armor Level 2  
  59  14:07  Marine x4  
  59  14:08  Marine x5  
  68  14:12  Terran Vehicle And Ship Armor Level 1  
  68  14:15  Supply Depot  
  68  14:25  Marine x5  
  68  14:26  Marine x4  
  68  14:30  Terran Infantry Weapons Level 3  
  68  14:31  Command Center  
  77  14:39  Supply Depot  
  77  14:51  Siege Tank  
  80  15:23  Siege Tank  
  83  15:54  SCV  
  83  15:55  Siege Tank  
  87  16:06  SCV  
  88  16:18  SCV  
  88  16:19  Supply Depot  
  89  16:30  SCV  
  90  16:41  Supply Depot  
  90  16:43  SCV  
  85  17:04  Supply Depot  
Show
View Real Time Build Order
Export as new Build Order

Mario Terran - Winner!

Build Orders:  

Get SALT Encoding   

  12  0:01  SCV  
  13  0:15  SCV  
  13  0:21  Supply Depot  
  14  0:28  SCV  
  15  0:35  Refinery  
  15  0:44  SCV, Supply Depot  
  16  0:56  SCV  
  17  1:07  Barracks  
  17  1:08  SCV  
  17  1:10  Refinery  
  18  1:20  SCV  
  19  1:32  SCV, Barracks  
  20  1:44  SCV  
  21  1:56  SCV  
  22  2:04  Marine  
  22  2:06  Factory  
  23  2:09  SCV  
  24  2:20  Barracks Tech Lab  
  24  2:22  SCV  
  25  2:28  Engineering Bay, Marine  
  26  2:34  SCV  
  27  2:46  SCV  
  28  3:01  Starport  
  28  3:04  Marine x2  
  30  3:07  Missile Turret  
  30  3:15  Supply Depot  
  30  3:21  Supply Depot  
  30  3:23  Marine  
  31  3:31  Terran Infantry Weapons Level 1  
  31  3:36  Marine, Siege Tank  
  35  3:45  Marine  
  35  3:47  Armory  
  36  3:54  Supply Depot  
  36  4:08  Fusion Core  
  36  4:14  Supply Depot  
  36  4:43  Starport Tech Lab  
  36  4:44  Command Center  
  36  4:49  Terran Vehicle Weapons Level 1  
  36  5:29  Marine x2  
  38  5:47  Marine x2  
  40  6:04  Marine  
  40  6:05  Marine  
  42  6:12  Orbital Command  
  42  6:22  Marine  
  38  6:31  Marine  
  34  6:35  Siege Tank  
  34  6:39  Missile Turret  
  37  6:40  Marine  
  37  6:41  SCV  
  39  6:48  Marine  
  39  6:53  SCV  
  41  6:58  Marine  
  41  6:59  Missile Turret  
  42  7:05  SCV  
  42  7:06  SCV, Marine  
  42  7:07  Missile Turret, Siege Tank  
  48  7:16  Marine  
  48  7:17  SCV  
  48  7:18  SCV  
  51  7:24  Marine  
  51  7:28  Missile Turret  
  51  7:29  SCV  
  53  7:30  SCV  
  53  7:34  Refinery  
  53  7:37  Refinery  
  54  7:41  SCV  
  54  7:42  SCV  
  56  7:53  SCV  
  56  7:54  SCV  
  58  8:05  SCV  
  59  8:06  SCV  
  59  8:07  Battlecruiser  
  66  8:17  SCV  
  66  8:18  SCV  
  68  8:21  Starport  
  68  8:22  Starport  
  69  8:52  Orbital Command  
  68  8:59  Starport Tech Lab  
  68  9:00  Starport Tech Lab  
  68  9:04  Terran Vehicle And Ship Armor Level 1  
  68  9:09  Weapon Refit, Starport  
  68  9:11  Battlecruiser, Terran Infantry Weapons Level 2  
  74  9:33  Supply Depot  
  74  9:47  Siege Tank  
  77  9:54  Viking  
  77  9:56  Supply Depot  
  77  9:59  Command Center  
  79  10:19  Supply Depot, Siege Tank  
  81  10:41  Supply Depot  
  81  10:47  Battlecruiser x3  
  81  10:48  Marine x2  
  101  11:03  Supply Depot  
  101  11:06  Marine x2  
  103  11:24  Marine x2  
  91  11:51  Battlecruiser x2  
  103  12:24  Battlecruiser  
  109  12:30  Supply Depot  
  109  12:48  Marine x2  
  111  12:53  Supply Depot, Refinery  
  111  12:55  Battlecruiser  
  117  12:58  Refinery  
  117  13:05  Marine  
  117  13:06  Marine  
  119  13:17  Supply Depot  
  119  13:23  Marine x2  
  121  13:32  Battlecruiser  
  127  13:36  Terran Vehicle Weapons Level 2  
  127  13:41  Marine x2  
  127  13:42  Supply Depot  
  129  13:59  Marine x2  
  131  14:05  Supply Depot  
  131  14:13  Battlecruiser x2  
  143  14:27  Supply Depot  
  143  14:49  Supply Depot  
Show
View Real Time Build Order
Export as new Build Order

Kikex Protoss - Winner!

Build Orders: Dark Templar Rush 

Get SALT Encoding   

  12  0:01  Probe  
  13  0:13  Probe  
  14  0:25  Probe  
  15  0:33  Pylon  
  15  0:35  Assimilator  
  15  0:50  Pylon  
  15  0:51  Probe  
  15  0:53  Assimilator  
  16  1:00  Gateway  
  16  1:04  Probe (Chrono Boost)  
  17  1:15  Probe (Chrono Boost)  
  18  1:20  Probe (Chrono Boost)  
  19  1:32  Probe (Chrono Boost)  
  20  1:44  Probe (Chrono Boost)  
  21  1:49  Cybernetics Core  
  21  1:51  Probe (Chrono Boost)  
  22  2:00  Probe  
  23  2:25  Pylon  
  23  2:32  Twilight Council, Warp Gate  
  23  2:37  Gateway  
  23  2:40  Pylon  
  23  2:47  Nexus  
  23  2:57  Forge  
  23  2:58  Pylon  
  23  3:09  Gateway  
  23  3:20  Dark Shrine  
  23  3:30  Gateway  
  23  3:43  Photon Cannon  
  23  3:49  Photon Cannon  
  23  3:59  Probe (Chrono Boost)  
  24  4:08  Pylon  
  24  4:09  Probe (Chrono Boost)  
  25  4:14  Probe (Chrono Boost)  
  26  4:17  Pylon  
  26  4:33  Dark Templar x2  
  26  4:36  Dark Templar  
  32  4:41  Probe (Chrono Boost)  
  34  4:53  Probe (Chrono Boost)  
  34  5:10  Probe (Chrono Boost)  
  34  5:14  Assimilator  
  35  5:18  Assimilator  
  35  5:20  Probe (Chrono Boost)  
  36  5:22  Dark Templar x2  
  36  5:23  Dark Templar  
  36  5:24  Probe (Chrono Boost)  
  43  5:36  Probe  
  44  5:48  Probe  
  45  6:00  Probe  
  46  6:06  Robotics Facility  
  46  6:12  Probe  
  47  6:24  Probe  
  47  6:25  Shadow Stride  
  48  6:36  Probe  
  49  7:06  Blink  
  49  7:09  Stalker x2  
  49  7:10  Stalker x2  
  57  7:23  Observer  
  57  7:26  Photon Cannon  
  58  7:32  Photon Cannon  
  58  7:35  Photon Cannon  
  58  7:39  Pylon  
  58  7:58  Photon Cannon  
  58  8:01  Photon Cannon  
  58  8:05  Photon Cannon  
  58  8:07  Pylon  
  58  8:26  Observer  
  50  8:34  Photon Cannon  
  50  8:38  Photon Cannon  
  50  8:40  Probe (Chrono Boost)  
  48  8:48  Photon Cannon  
  48  8:50  Probe (Chrono Boost)  
  48  8:55  Probe (Chrono Boost)  
  49  8:59  Pylon  
  50  9:07  Probe  
  51  9:12  Pylon  
  51  9:19  Probe  
  52  9:31  Probe  
  41  12:58  Zealot  
  41  12:59  Zealot x2  
  41  13:00  Zealot  
  49  13:21  Observer  
  49  13:35  Photon Cannon  
  49  14:19  Charge  
  49  14:20  Observer  
  50  14:25  Stalker x2  
  50  14:26  Stalker x2  
  50  15:21  Stalker x3  
  52  15:22  Stalker  
  52  15:25  Gateway  
  52  15:27  Gateway  
  58  15:52  Observer  
  50  16:50  Stalker x2  
  50  16:51  Stalker x2  
  50  16:52  Stalker  
  50  16:54  Stalker  
Show
View Real Time Build Order
Export as new Build Order

MrFercho Terran 

Build Orders:  

Get SALT Encoding   

  12  0:02  SCV  
  13  0:18  Supply Depot  
  13  0:26  SCV  
  14  0:46  SCV  
  15  0:50  Refinery  
  15  0:58  SCV  
  16  1:31  SCV  
  17  1:43  SCV  
  17  1:44  Barracks  
  18  1:55  SCV  
  19  2:03  Command Center  
  19  2:07  SCV  
  20  2:12  Refinery  
  20  2:19  SCV  
  21  2:32  Orbital Command  
  21  2:45  Factory  
  21  3:15  Orbital Command  
  21  3:22  Refinery  
  21  3:26  SCV  
  22  3:38  SCV  
  23  3:47  Refinery  
  23  3:49  Supply Depot  
  23  3:50  SCV  
  23  3:51  Supply Depot  
  23  3:53  Starport  
  24  4:03  SCV  
  25  4:13  Supply Depot  
  25  4:15  SCV  
  26  4:18  Armory, Supply Depot  
  26  4:30  SCV  
  27  4:34  Liberator  
  30  4:42  SCV  
  31  4:50  Starport  
  31  4:54  SCV  
  32  5:06  SCV  
  32  5:07  Terran Vehicle Weapons Level 1  
  33  5:13  Fusion Core  
  33  5:17  Widow Mine, Liberator  
  38  5:39  Widow Mine  
  34  6:34  Liberator x2  
  40  6:59  SCV  
  41  7:11  SCV  
  42  7:17  Terran Ship Weapons Level 1, Liberator x2  
  42  7:20  Widow Mine  
  50  7:23  SCV  
  51  7:35  SCV  
  52  7:44  Factory Tech Lab  
  52  7:47  SCV  
  53  7:59  Factory x2  
  53  8:01  Factory  
  53  8:02  Factory  
  47  8:47  Factory Tech Lab  
  47  8:53  Widow Mine x4  
  55  9:01  Starport Tech Lab  
  55  9:04  Starport Reactor  
  55  9:07  Advanced Ballistics  
  55  9:11  Terran Vehicle Weapons Level 2  
  55  9:14  Widow Mine x3  
  55  9:15  Widow Mine  
  63  9:29  Starport  
  63  9:33  Starport  
  63  9:35  Widow Mine  
  63  9:36  Widow Mine x2  
  69  9:47  Widow Mine  
  69  9:52  SCV  
  72  9:57  Widow Mine x3  
  74  10:04  SCV  
  69  10:08  Widow Mine  
  64  10:16  SCV  
  62  10:25  Drilling Claws  
  60  10:28  SCV  
  55  10:36  Liberator x4  
  55  10:40  SCV  
  64  10:51  Siege Tank  
  55  11:14  Cyclone  
  58  11:18  Liberator  
  58  11:19  Liberator  
  64  11:46  Cyclone  
  67  12:18  Cyclone  
  70  12:50  Cyclone  
  73  12:57  Widow Mine x4  
  80  13:18  Widow Mine  
  80  13:19  Widow Mine x2  
  86  13:25  Widow Mine  
  85  13:27  Cyclone  
  78  13:39  Widow Mine  
  78  13:40  Widow Mine x2  
  73  13:46  Widow Mine  
  74  14:00  Widow Mine  
  74  14:01  Widow Mine x3  
  82  14:08  Widow Mine  
  84  14:21  Widow Mine  
  86  14:32  Widow Mine, Liberator x2  
  86  14:33  Liberator  
  86  14:34  Widow Mine x2  
  101  15:11  Engineering Bay  
  101  15:31  Widow Mine  
  101  15:32  Widow Mine  
Show
View Real Time Build Order
Export as new Build Order

tigro Terran 

Build Orders:  

Get SALT Encoding   

  12  0:04  SCV  
  13  0:16  SCV  
  14  0:26  Supply Depot  
  14  0:28  SCV  
  15  0:32  Refinery  
  15  0:47  SCV  
  16  0:59  SCV, Barracks  
  17  1:11  SCV  
  17  1:13  Refinery  
  18  1:23  SCV  
  19  1:26  Supply Depot  
  19  1:36  SCV  
  20  1:48  SCV  
  20  1:52  Reaper  
  22  2:07  Barracks  
  22  2:10  SCV  
  23  2:22  SCV  
  24  2:24  Reaper  
  25  2:45  SCV  
  26  2:53  Engineering Bay  
  26  2:56  Reaper  
  26  2:58  Barracks Tech Lab  
  27  3:11  Orbital Command, Factory  
  27  3:28  Terran Infantry Weapons Level 1, Marine  
  27  3:29  Combat Shield  
  28  3:45  Marine  
  29  3:50  Command Center  
  29  4:00  Factory Tech Lab  
  29  4:08  Barracks Tech Lab  
  29  4:10  Marauder  
  31  4:42  Stimpack  
  31  4:48  Concussive Shells  
  31  4:52  Marauder  
  33  5:05  Starport  
  33  5:13  Marauder  
  33  5:34  Marauder  
  34  5:43  Starport  
  33  5:56  Marauder  
  27  6:14  Marine  
  27  6:17  Marauder  
  27  6:18  Medivac  
  30  6:32  Marine  
  31  6:36  Starport Tech Lab  
  31  6:38  Marauder  
  33  6:49  Marine  
  34  7:00  Marauder  
  36  7:07  Marine  
  37  7:13  Starport Tech Lab  
  37  7:15  Command Center, Banshee  
  40  7:21  Marauder  
  42  7:25  Marine  
  42  7:26  Terran Infantry Armor Level 1  
  43  7:38  Armory  
  43  7:43  Marauder  
  45  8:26  Fusion Core  
  45  8:27  Banshee, Siege Tank  
  45  8:30  Refinery  
  51  8:35  Supply Depot  
  51  8:45  Planetary Fortress  
  51  8:55  Cloaking Field  
  51  9:20  Neosteel Armor  
  51  9:22  SCV  
  52  9:34  SCV  
  53  9:46  SCV  
  54  9:59  SCV  
  54  10:11  SCV  
  52  10:29  Marine  
  52  10:31  Marine  
  32  10:44  Viking  
  32  10:46  Marine  
  32  10:49  Marine  
  28  11:00  Hi-Sec Auto Tracking  
  28  11:03  Viking  
  26  11:04  Marine  
  26  11:07  Marine  
  24  11:14  Viking  
  22  11:22  Marine  
  22  11:25  Marine  
  18  11:40  Marine  
  18  11:46  Starport Tech Lab  
Show
View Real Time Build Order
Export as new Build Order

TATORREA Protoss 

Build Orders:  

Get SALT Encoding   

  12  0:02  Probe  
  13  0:22  Probe  
  14  0:31  Pylon  
  14  0:35  Probe  
  15  0:44  Assimilator  
  15  0:49  Probe  
  16  1:04  Probe  
  16  1:10  Gateway  
  17  1:14  Gateway  
  17  1:17  Probe  
  18  1:29  Probe  
  19  1:46  Pylon  
  19  1:49  Pylon  
  19  2:15  Forge  
  19  2:17  Cybernetics Core  
  19  2:18  Pylon  
  19  2:22  Pylon  
  19  2:44  Nexus  
  19  2:50  Protoss Ground Weapons Level 1  
  19  3:01  Twilight Council  
  19  3:05  Stalker  
  21  3:08  Stalker  
  23  3:14  Assimilator  
  23  3:17  Probe  
  24  3:27  Warp Gate  
  24  3:31  Probe  
  25  3:43  Probe  
  26  4:06  Dark Shrine  
  26  4:10  Probe  
  26  4:11  Probe  
  28  4:22  Probe  
  28  4:23  Probe  
  30  4:34  Probe  
  30  4:35  Probe, Resonating Glaives  
  32  4:46  Probe  
  32  4:47  Probe  
  32  4:48  Assimilator  
  32  4:52  Assimilator  
  34  4:58  Probe  
  34  4:59  Probe  
  36  5:10  Protoss Ground Weapons Level 2  
  36  5:11  Probe x2  
  38  5:23  Probe x2  
  38  5:26  Dark Templar x2  
  44  5:35  Probe x2  
  46  5:59  Dark Templar  
  46  6:00  Dark Templar  
  50  6:15  Probe x2  
  52  6:27  Probe x2  
  54  6:39  Probe x2, Dark Templar x2  
  44  7:30  Dark Templar  
  44  7:31  Dark Templar  
  48  7:43  Templar Archives  
  48  7:46  Stargate  
  48  7:48  Stargate  
  48  7:52  Stargate  
  48  8:00  Nexus  
  48  8:02  Assimilator  
  48  8:03  Probe  
  48  8:04  Probe  
  50  8:06  Assimilator  
  50  8:14  Stalker  
  50  8:15  Probe, Stalker  
  50  8:16  Probe  
  56  8:26  Pylon  
  56  8:28  Probe  
  57  8:34  Pylon  
  57  8:37  Pylon  
  57  8:40  Pylon  
  57  8:43  Pylon  
  57  8:46  Pylon  
  57  8:49  Pylon  
  57  8:50  Probe x2  
  59  8:59  Pylon  
  59  9:02  Probe x2  
  61  9:04  Pylon  
  61  9:11  Pylon  
  61  9:13  Gateway  
  61  9:14  Probe x2, Pylon, Gateway  
  61  9:16  Gateway  
  63  9:17  Pylon  
  63  9:19  Gateway  
  63  9:21  Gateway  
  63  9:22  Pylon  
  63  9:24  Gateway  
  63  9:26  Probe x2, Gateway  
  63  9:30  Gateway  
  65  9:32  Gateway  
  65  9:37  Gateway  
  65  9:38  Probe x2  
  65  9:42  Void Ray x3  
  79  9:50  Shadow Stride  
  79  9:57  Archon  
  75  10:33  Stalker x3  
  75  10:34  Stalker x4  
  75  10:35  Stalker x2  
  91  10:36  Stalker x2  
  91  10:37  Stalker  
Tags
 
Add a new tag
Caveats
  • Supply blocks, unpowered buildings, or Contaminate may cause inaccurate times.
  • Supply counts are checked every 10 seconds.